 Dungeon Crawl Stone Soup version 0.21.0-3-g78d12a8 (webtiles) character file.

182 Suckerboh the Firebug (level 5, -2/28 HPs)
             Began as a Deep Elf Fire Elementalist on Jan 14, 2018.
             Slain by a gnoll
             ... wielding a +0 whip
              (4 damage)
             ... on level 3 of the Dungeon.
             The game lasted 00:04:18 (2671 turns).

Suckerboh the Firebug (Deep Elf Fire Elementalist)  Turns: 2671, Time: 00:04:19

Health: -2/28      AC:  2    Str:  5    XL:     5   Next: 34%
Magic:  3/13       EV: 13    Int: 21    God:
Gold:   107        SH:  0    Dex: 15    Spells: 5/13 levels left

rFire    . . .     SeeInvis .   (no weapon)
rCold    . . .     Gourm    .   (no shield)
rNeg     . . .     Faith    .   a - +0 robe
rPois    .         Spirit   .   (no helmet)
rElec    .         Reflect  .   (no cloak)
rCorr    .         Harm     .   (no gloves)
MR       .....                  (no boots)
Stlth    ++........             (no amulet)
HPRegen  0.09/turn              (no ring)
MPRegen  0.13/turn              (no ring)

@: no status effects
A: no striking features
a: no special abilities


You were on level 3 of the Dungeon.
You were not hungry.

You visited 1 branch of the dungeon, and saw 3 of its levels.

You collected 107 gold pieces.

Inventory:

Hand Weapons
 m - a +0 spear of venom
Armour
 a - a +0 robe (worn)
Jewellery
 o - an uncursed ring of stealth {unknown}
Scrolls
 e - 2 scrolls of immolation {unknown}
 i - a scroll of teleportation {unknown}
 k - 2 scrolls of amnesia {unknown}
 l - 4 scrolls of remove curse {unknown}
 n - 3 scrolls of identify {unknown}
Potions
 d - a potion of haste {unknown}
 f - a potion of flight {unknown}
 g - a potion of invisibility {unknown}
 j - 4 potions of curing {unknown}
Books
 b - a book of Flames

   Spells                             Type                      Level
   a - Flame Tongue                   Conjuration/Fire             1
   b - Throw Flame                    Conjuration/Fire             2
   c - Conjure Flame                  Conjuration/Fire             3
   d - Inner Flame                    Hexes/Fire                   3
   e - Sticky Flame                   Conjuration/Fire             4
   f - Fireball                       Conjuration/Fire             5
Comestibles
 c - 6 rations
 h - 8 chunks of flesh


   Skills:
 + Level 0.1 Fighting
 + Level 2.8 Dodging
 - Level 2.4 Stealth
 + Level 4.5 Spellcasting
 * Level 3.5 Conjurations
 + Level 4.6 Fire Magic


You had 5 spell levels left.
You knew the following spells:

 Your Spells              Type           Power        Failure   Level  Hunger
a - Flame Tongue          Conj/Fire      ###..        1%          1    None
b - Conjure Flame         Conj/Fire      ###.....     6%          3    ##.....
c - Sticky Flame          Conj/Fire      ###.....     21%         4    ####...


Dungeon Overview and Level Annotations

Branches:
Dungeon (3/15)

Altars:
Elyvilon
Ru


Message History

The gnoll barely misses you. The gnoll hits you with a whip!
* * * LOW HITPOINT WARNING * * *
There is an open door here.
Things that are here:
a club; a chain mail; a hobgoblin corpse
Casting: Flame Tongue
Confirm with . or Enter, or press ? or * to list all spells.
Aiming: Conjure Flame
Press: ? - help, Dir - move target cursor The fire ignites!
Casting: Conjure Flame
Confirm with . or Enter, or press ? or * to list all spells.
Aiming: Sticky Flame
Press: ? - help, Shift-Dir - straight line, f - gnoll
Aim: a gnoll, wielding a whip and wearing fire dragon scales (flame)
The sticky flame hits the gnoll.
The gnoll appears unharmed.
The gnoll is covered in liquid flames!
The gnoll burns!
The gnoll hits you with a whip.
You die...

##### ### ######...#
##.## #..gg@.#.#
###...## #g####)..##
#......# #.# #.....#
.#.....#####g###.#.#.#
.......g)g...#.....# #
.#.....#######.#.###
#.....# #.#... ####g##
#.##### ##.g.## #.#


You could see 3 gnolls.

Vanquished Creatures
  An ogre (D:2)
  A gnoll (D:3)
  2 adders
  2 oozes (D:3)
  2 worms (D:2)
  A dart slug (D:2)
  3 leopard geckos
  An orc (D:3)
  A giant cockroach (D:2)
  6 goblins
  5 hobgoblins
  4 jackals (D:3)
  3 quokkas
  4 bats
  6 frilled lizards
  5 kobolds
  9 rats
56 creatures vanquished.

Notes
Turn   | Place    | Note
-------+----------+-------------------------------------------
     0 | D:1      | Suckerboh the Deep Elf Fire Elementalist began the quest for the Orb.
     0 | D:1      | Reached XP level 1. HP: 10/10 MP: 6/6
   405 | D:1      | Reached XP level 2. HP: 15/15 MP: 6/8
  1119 | D:2      | Reached XP level 3. HP: 19/19 MP: 3/10
  1182 | D:2      | Noticed an ogre
  1209 | D:2      | Found a sacrificial altar of Ru.
  1642 | D:2      | Killed an ogre
  1642 | D:2      | Reached XP level 4. HP: 3/24 MP: 4/12
  2139 | D:3      | Learned a level 3 spell: Conjure Flame
  2144 | D:3      | Learned a level 4 spell: Sticky Flame
  2255 | D:3      | Reached XP level 5. HP: 28/28 MP: 10/13
  2507 | D:3      | Found a white marble altar of Elyvilon.
  2653 | D:3      | HP: 1/28 [gnoll/whip (7)]
  2671 | D:3      | Slain by a gnoll

Skill      XL: |  1  2  3 |
---------------+----------+-----
Fire Magic     | 4 |  4.6
Conjurations   | 3 |  3.5
Spellcasting   | 4 |  4.5
Fighting       | |  0.1
Dodging        | |  2.8
Stealth        | |  2.4

Action                   |  1- 3 |  4- 6 || total
-------------------------+-------+-------++-------
Melee: Unarmed           |     1 |       ||     1
 Cast: Flame Tongue      |    56 |    55 ||   111
       Conjure Flame     |       |     1 ||     1
       Sticky Flame      |       |     1 ||     1
  Eat: Chunk             |     2 |     3 ||     5
Armor: Robe              |     4 |     2 ||     6
Dodge: Dodged            |    14 |    17 ||    31
